 Dungeon Sprint DCSS version 0.28.0-53-g5a82cb258f (webtiles) character file.

Game seed: 17615520845262226752

3900000 Zeld the Conqueror (level 21, -204/187 HPs)
             Began as a Djinni Monk on June 5, 2022.
             Was the Champion of Makhleb.
             Annihilated by a destroyer
             ... wielding a +9 vorpal great sword
              (228 damage)
             ... in the Dungeon (Sprint VIII: "Arena of Blood").
             The game lasted 00:01:06 (39 turns).

Zeld the Conqueror (Djinni Monk)                      Turns: 39, Time: 00:01:07

Health: -204/187   AC:  2    Str: 18    XL:     21   Next: 8%
Gold:   0          EV: 32    Int: 11    God:    Makhleb [******] SH:  0 Dex: 20

rFire   + + .      SeeInvis .   g - +∞ Axe of Woe
rCold   x . .      Faith    .   (shield currently unavailable)
rNeg    . . .      Spirit   .   a - +0 robe
rPois   ∞          Reflect  .   (no helmet)
rElec   .          Harm     .   (no cloak)
rCorr   .          Rampage  .   (no gloves)
Will    ++...      NoTele   +   (boots unavailable)
Stlth   ++........              (no amulet)
HPRegen 0.41/turn               (no ring)
MPRegen 0.00/turn               (no ring)

@: unable to drink, flying
A: sickness immunity, fire resistance 2, cold vulnerability 1, float, innate
caster, HP casting, extra vitality 1
a: Renounce Religion, Minor Destruction, Lesser Servant of Makhleb, Major
Destruction, Greater Servant of Makhleb


You were in the Dungeon.
You worshipped Makhleb.
Makhleb was exalted by your worship.
You visited 1 branch

Inventory:

Hand Weapons
 g - the +∞ Axe of Woe (weapon)
   (You found it in the Dungeon)
Armour
 a - a +0 robe (worn)
Scrolls
 f - a scroll of blinking
Potions
 b - a potion of curing
 c - a potion of heal wounds
 d - a potion of haste
 e - a potion of berserk rage


   Skills:
 O Level 27 Fighting
 + Level 8.1(9.7) Short Blades
 + Level 8.1(9.7) Long Blades
 O Level 27 Axes
 + Level 7.4(19.7) Maces & Flails
 + Level 7.4(19.7) Polearms
 + Level 7.6(10.6) Staves
 + Level 7.0(8.3) Slings
 + Level 7.0 Bows
 + Level 7.0 Crossbows
 + Level 7.0(8.3) Throwing
 + Level 8.4 Armour
 O Level 27 Dodging
 - Level 1.5 Stealth
 + Level 8.4 Shields
 - Level 3.0 Unarmed Combat
 O Level 27 Spellcasting
 O Level 27 Invocations
 + Level 8.4 Evocations


You had 26 spell levels left.
You knew the following spells:

 Your Spells              Type           Power      Damage    Failure   Level
a - Beastly Appendage     Tmut           100%       N/A       0%          1
b - Ensorcelled Hibernat  Hex/Ice        100%       N/A       0%          2
c - Inner Flame           Hex/Fire       65%        N/A       0%          3
d - Dispel Undead         Necr           65%        3d22      0%          4
e - Lightning Bolt        Conj/Air       32%        1d50      0%          5
f - Freezing Cloud        Conj/Ice/Air   32%        6-21      0%          5
g - Statue Form           Tmut/Erth      43%        N/A       0%          6
h - Malign Gateway        Summ/Tloc      32%        N/A       1%          7
i - Ozocubu's Refrigerat  Ice            32%        4d11      1%          7
j - Summon Horrible Thin  Summ           32%        N/A       1%          8
Your spell library was empty.

Dungeon Overview and Level Annotations

Branches:
Dungeon (1/1)

Altars:
Makhleb


Innate Abilities, Weirdness & Mutations

You are immune to sickness and miasma.
You are immune to poison.
Your flesh is very heat resistant. (rF++)
You are vulnerable to cold. (rC-)
You float through the air rather than walking.
You learn spells naturally, not from books.
Your magical power is your life essence.
You have superior vitality. (+4 MHP)


Message History

Your Armour skill gained 3 levels and is now at level 8!
Your Shields skill gained 3 levels and is now at level 8!
Your Evocations skill gained 3 levels and is now at level 8!
You have reached level 21!
Your experience leads to an increase in your attributes!
Increase (S)trength, (I)ntelligence, or (D)exterity?
You feel stronger. x2
The power to cast Summon Horrible Things wells up from within.
Spell assigned to 'j'.
Casting: Ozocubu's Refrigeration (safe; 1% risk of failure)
Confirm with . or Enter, or press ? or * to list all spells.
You are engulfed in blazing flames.
You resist.
You hear a shout! x7
The bag of meat hits your large abomination with a +9 war axe!!
The destroyer hits your large abomination with a +9 vorpal great sword!!!!
Your large abomination is destroyed!
Your large abomination disappears in a puff of smoke!
The bag of meat is engulfed in blazing flames.
The bag of meat hits you with a +9 war axe!
The bag of meat hits your large abomination with a +9 war axe!
You hear a shout! x2
Unknown command.
Press < or > to pray at altars.
Unknown command.
Press < or > to pray at altars.
A bag of meat comes into view. It is wielding a +9 war axe.
You hear a shout! x8
The bag of meat hits your large abomination with a +9 war axe.
You hear a shout!
The destroyer hits your large abomination with a +9 vorpal great sword!!!!!
Your large abomination is destroyed!
Your large abomination disappears in a puff of smoke!
The destroyer hits you with a +9 vorpal great sword!!!!
Ouch! That really hurt!
* * * LOW HITPOINT WARNING * * *
x2 The destroyer bites you!
* * * LOW HITPOINT WARNING * * *
The destroyer hits you with a +9 vorpal great sword!!!!!
Ouch! That really hurt!
You die...

....... .. ..o..
.. #.... ..# ..
#... V.#
...###... ..###.
......☼.###......
#.....VX._V......
....#@V§).#.... .
#§§§☼_# . #o§X).#
.....X§§)......
.....o###......
.###... ..###.
#... ..# #.o. ..#
..... ..


You could see 3 destroyers, 4 bags of meat and 3 friendly large abominations.

Vanquished Creatures
  3 vampire knights (D)
  7 ogres (D)
  3 two-headed ogres (D)
  16 orcs (D)
29 creatures vanquished.

Notes
Turn   | Place    | Note
-------+----------+-------------------------------------------
     0 | D        | Found the +∞ Axe of Woe
     0 | D        | Zeld the Djinni Monk began the quest for the Orb.
     0 | D        | Reached XP level 1. HP: 20/20 MP: 0/0
     3 | D        | Noticed a bag of meat
     4 | D        | Became a worshipper of Makhleb the Destroyer
     4 | D        | Reached * piety under Makhleb
     4 | D        | Reached ** piety under Makhleb
     4 | D        | Noticed a bag of meat
     6 | D        | Noticed a bag of meat
     6 | D        | Noticed a bag of meat
     6 | D        | Noticed a meat berserker
     7 | D        | Killed a meat berserker
     7 | D        | Noticed a bag of meat
     7 | D        | Noticed a meat berserker
     7 | D        | Noticed a bag of meat
     7 | D        | Noticed a meat berserker
     7 | D        | Noticed a bag of meat
     8 | D        | Reached skill level 10 in Spellcasting
     8 | D        | Reached XP level 2. HP: 5/42 MP: 0/0
     8 | D        | Reached XP level 3. HP: 5/48 MP: 0/0
     8 | D        | Learned a level 1 spell: Beastly Appendage
     8 | D        | Reached XP level 4. HP: 6/54 MP: 0/0
     8 | D        | Reached XP level 5. HP: 7/59 MP: 0/0
     8 | D        | Learned a level 2 spell: Ensorcelled Hibernation
     8 | D        | Reached XP level 6. HP: 8/66 MP: 0/0
     8 | D        | Reached XP level 7. HP: 8/71 MP: 0/0
     8 | D        | Learned a level 3 spell: Inner Flame
     8 | D        | Reached XP level 8. HP: 9/77 MP: 0/0
     8 | D        | Reached XP level 9. HP: 10/83 MP: 0/0
     8 | D        | Learned a level 4 spell: Dispel Undead
     8 | D        | Reached XP level 10. HP: 10/89 MP: 0/0
     8 | D        | Reached XP level 11. HP: 11/94 MP: 0/0
     8 | D        | Learned a level 5 spell: Lightning Bolt
     8 | D        | Reached XP level 12. HP: 12/101 MP: 0/0
     8 | D        | Killed a bag of meat
     9 | D        | Reached XP level 13. HP: 13/110 MP: 0/0
     9 | D        | Learned a level 5 spell: Freezing Cloud
     9 | D        | Killed a bag of meat
    10 | D        | Killed a bag of meat
    10 | D        | Reached *** piety under Makhleb
    10 | D        | Noticed a bag of meat
    10 | D        | Noticed a meat berserker
    11 | D        | Reached skill level 15 in Invocations
    11 | D        | Reached XP level 14. HP: 61/121 MP: 0/0
    11 | D        | Killed a bag of meat
    11 | D        | Killed a meat berserker
    12 | D        | Reached skill level 15 in Axes
    12 | D        | Reached XP level 15. HP: 111/130 MP: 0/0
    12 | D        | Learned a level 6 spell: Statue Form
    12 | D        | Killed a meat berserker
    12 | D        | Reached **** piety under Makhleb
    13 | D        | Reached skill level 15 in Spellcasting
    13 | D        | Reached XP level 16. HP: 143/143 MP: 0/0
    13 | D        | Killed a meat berserker
    13 | D        | Noticed a meat berserker
    14 | D        | Noticed a meat berserker
    17 | D        | Killed a meat berserker
    17 | D        | Reached ***** piety under Makhleb
    18 | D        | Reached XP level 17. HP: 124/153 MP: 0/0
    18 | D        | Learned a level 7 spell: Malign Gateway
    19 | D        | Killed a meat berserker
    21 | D        | Noticed a meat berserker
    23 | D        | Reached XP level 18. HP: 165/165 MP: 0/0
    23 | D        | Noticed a destroyer
    23 | D        | Noticed a destroyer
    24 | D        | Noticed a large bag of meat
    25 | D        | Reached skill level 27 in Fighting
    25 | D        | Reached ****** piety under Makhleb
    25 | D        | Noticed a large bag of meat
    26 | D        | Noticed a destroyer
    26 | D        | Noticed a destroyer
    27 | D        | Killed a destroyer
    27 | D        | Noticed a large bag of meat
    28 | D        | Reached skill level 27 in Dodging
    28 | D        | Reached XP level 19. HP: 174/174 MP: 0/0
    28 | D        | Learned a level 7 spell: Ozocubu's Refrigeration
    29 | D        | Killed a meat berserker
    30 | D        | Reached skill level 27 in Axes
    31 | D        | Killed a destroyer
    32 | D        | Reached skill level 27 in Invocations
    32 | D        | Killed a large bag of meat
    32 | D        | Noticed a destroyer
    33 | D        | Reached skill level 27 in Spellcasting
    33 | D        | Reached XP level 20. HP: 165/181 MP: 0/0
    36 | D        | Killed a large bag of meat
    37 | D        | Reached skill level 5 in Short Blades
    37 | D        | Reached skill level 5 in Long Blades
    37 | D        | Reached skill level 5 in Armour
    37 | D        | Reached skill level 5 in Shields
    37 | D        | Reached skill level 5 in Evocations
    37 | D        | Killed a large bag of meat
    37 | D        | Killed a destroyer
    37 | D        | Noticed a destroyer
    38 | D        | Reached XP level 21. HP: 172/187 MP: 0/0
    38 | D        | Learned a level 8 spell: Summon Horrible Things
    39 | D        | Annihilated by a destroyer

Illustrated notes

Levels and vault maps discovered:
D:        meatsprint

Skill      XL: |  1  2  3  4  5  6  7  8  9 10 11 12 13 14 15 16 17 18 19 20 |
---------------+-------------------------------------------------------------+-----
Fighting       | 14 16 18 20 22 24 26 27 | 27.0
Axes           | 11 12 13 15 17 19 22 26 27 | 27.0
Dodging        | 16 17 19 21 22 24 25 27 | 27.0
Spellcasting   | 10 11 12 14 15 16 18 20 27 | 27.0
Invocations    | 12 13 15 17 19 21 23 25 27 | 27.0
Short Blades   | 8 |  8.1
Long Blades    | 8 |  8.1
Maces & Flails | 7 |  7.4
Polearms       | 7 |  7.4
Staves         | 7 |  7.6
Slings         | 7 |  7.0
Bows           | 7 |  7.0
Crossbows      | 7 |  7.0
Throwing       | 7 |  7.0
Armour         | 8 |  8.4
Shields        | 8 |  8.4
Evocations     | 8 |  8.4
Stealth        | |  1.5
Unarmed Combat | |  3.0

Action                   |  1- 3 |  4- 6 |  7- 9 | 10-12 | 13-15 | 16-18 | 19-21 || total
-------------------------+-------+-------+-------+-------+-------+-------+-------++-------
Melee: Executioner's axe |     1 |       |       |     1 |     4 |    10 |     5 ||    21
 Cast: Freezing Cloud    |       |       |       |       |       |     1 |       ||     1
       Ozocubu's Refrige |       |       |       |       |       |       |     1 ||     1
       Summon Horrible T |       |       |       |       |       |       |     1 ||     1
Dodge: Dodged            |       |       |       |       |     2 |       |     1 ||     3
